 Dungeon Crawl Stone Soup version 0.25-a0-420-g1cc7eeb0d1 (webtiles) character file.

Game seed: 13415745505697014066, levelgen mode: deterministic

2844 kae the Zephyrmancer (level 9, 0/93 HPs)
             Began as a Grey Draconian Air Elementalist on Jan 18, 2020.
             Was a Follower of Vehumet.
             Slain by Joseph
             ... wielding a +0 quarterstaff
              (3 damage)
             ... on level 7 of the Dungeon.
             The game lasted 00:14:18 (10275 turns).

kae the Zephyrmancer (DrAE)                        Turns: 10275, Time: 00:14:18

Health: 0/93       AC: 24    Str: 11    XL:     9   Next: 46%
Magic:  18/18      EV:  2    Int: 24    God:    Vehumet [*.....]
Gold:   343        SH:  0    Dex: 16    Spells: 10/20 levels left

rFire    + . .     SeeInvis .   d - +2 falchion (freeze) (curse)
rCold    + . .     Gourm    .   (no shield)
rNeg     + + +     Faith    .   (armour unavailable)
rPois    +         Spirit   .   (helmet currently unavailable)
rElec    +         Reflect  .   (cloak currently unavailable)
rCorr    +         Harm     .   (gloves currently unavailable)
MR       .....     NoTele   +   (boots currently unavailable)
Stlth    +++.......             (no amulet)
HPRegen  0.25/turn              e - ring of resist corrosion
MPRegen  0.16/turn              (no ring)

@: brilliant, agile, tree-form (expiring), resistant
A: (walk through water), unfitting armour, AC +12
a: Renounce Religion


You were on level 7 of the Dungeon.
You worshipped Vehumet.
Vehumet was aware of your devotion.
You were not hungry.
You were a tree.
You visited 2 branches of the dungeon, and saw 8 of its levels.

You collected 343 gold pieces.

Inventory:

Hand Weapons
 d - a cursed +2 falchion of freezing (weapon)
 f - a cursed +7 spear of freezing
Armour
 j - a +0 pair of boots (melded)
 s - a +1 hat (melded)
Magical Staves
 m - an uncursed staff of poison
Jewellery
 e - a ring of resist corrosion (left branch)
 n - an uncursed amulet of rage
Wands
 o - a wand of polymorph (5)
 r - a wand of paralysis (8)
 t - a wand of flame (26)
Scrolls
 v - 3 scrolls of identify
Potions
 g - 3 potions of might
 h - a potion of magic
 k - 2 potions of agility
 l - a potion of brilliance
 p - a potion of resistance
Comestibles
 b - 7 rations


   Skills:
 - Level 1.7 Dodging
 - Level 1.7 Stealth
 + Level 6.3 Spellcasting
 + Level 6.5 Conjurations
 * Level 8.2 Air Magic


You had 10 spell levels left.
You knew the following spells:

 Your Spells              Type           Power        Failure   Level  Hunger
a - Shock                 Conj/Air       ####         1%          1    None
b - Static Discharge      Conj/Air       ######..     1%          3    None
c - Swiftness             Chrm/Air       #####...     1%          2    None
d - Airstrike             Air            ######....   1%          4    ###....

Your spell library contained the following spells:

 Spells                   Type           Power        Failure   Level  Hunger
 Sandblast                Erth           ###...       1%          1    None
 Magic Dart               Conj           ####         1%          1    None
 Searing Ray              Conj           ######       1%          2    None
 Dazzling Flash           Conj/Hex       #####.       1%          3    None
 Lightning Bolt           Conj/Air       ######....   1%          5    #####..
 Fulminant Prism          Conj/Hex       #####.....   2%          4    ###....
 Iskenderun's Mystic Bla  Conj/Tloc      #####...     2%          4    ###....


Dungeon Overview and Level Annotations

Branches:
Dungeon (7/15)             Temple (1/1) D:7

Altars:
Ashenzari
Cheibriados
Dithmenos
Elyvilon
Fedhas
Gozag
Hepliaklqana
Kikubaaqudgha
Makhleb
Nemelex Xobeh
Okawaru
Qazlal
Ru
Sif Muna
Trog
Uskayaw
Vehumet
Wu Jian
Xom
Yredelemnul
Zin
The Shining One

Shops:
D:6 :

Annotations:
D:3 2 transporters
D:6 1 runed translucent door, kae's ghost, novice DrAE
D:7 Joseph


Innate Abilities, Weirdness & Mutations

((You can walk through water.))
((Your dull iron-grey scales are very hard. (AC +12)))
You cannot fit into any form of body armour.
((You can survive without breathing.))
((You are cold-blooded and may be slowed by cold attacks.))


Message History

Joseph unwields a +0 hunting sling.
Joseph wields a +0 quarterstaff.
Joseph hits you but does no damage.
You hit Joseph. You freeze Joseph.
Joseph is moderately wounded.
Joseph hits you but does no damage.
You closely miss Joseph.
Joseph is moderately wounded.
Your transformation is almost over.
Joseph hits you but does no damage.
You barely miss Joseph.
Joseph is moderately wounded.
Joseph completely misses you.
You closely miss Joseph.
Joseph is moderately wounded.
Joseph hits you with a +0 quarterstaff.
* * * LOW HITPOINT WARNING * * *
You hit Joseph but do no damage.
Joseph is moderately wounded.
Joseph hits you with a +0 quarterstaff.
You die...

#######
##≈§≈≈≈≈##
##≈≈....§≈≈
#§≈.......≈
###≈.......%.
#(@♣...≈.S≈§.
#)#§...≈...S.
#.#≈(..≈...≈.
#†#≈§..≈.§.≈.
#(##≈..≈§§.≈.
#@##≈≈.......
#.###§≈......
#.# ##≈≈≈....
#.# ##≈≈§§≈


You could see Joseph and a lava snake.

Vanquished Creatures
  Eustachio (D:5)
  A hungry ghost (D:7)
  A water moccasin (D:6)
  A sky beast (D:5)
  2 ogres (D:5)
  2 phantoms
  3 centaurs (D:7)
  3 big kobolds
  2 bullfrogs
  4 wights (D:6)
  A howler monkey (D:7)
  A centaur zombie (D:5)
  2 crimson imps
  A jelly (D:7)
  A bullfrog zombie (D:5)
  4 hounds
  6 orc priests
  5 orc wizards
  A centaur skeleton (D:6)
  Terence (D:2)
  7 worker ants
  Natasha (thrice) (D:4)
  An iguana (D:7)
  A hound skeleton (D:4)
  A worker ant zombie (D:5)
  15 adders
  9 gnolls
  4 worms
  A dart slug (D:3)
  4 leopard geckos
  18 orcs
  2 ball pythons
  8 bats
  4 giant cockroaches
  7 goblins
  3 hobgoblins
  9 jackals
  13 kobolds
  3 quokkas
  5 frilled lizards
  A leopard gecko skeleton (D:5)
  7 rats
169 creatures vanquished.

Notes
Turn   | Place    | Note
-------+----------+-------------------------------------------
     0 | D:1      | kae the Draconian Air Elementalist began the quest for the
                  | Orb.
     0 | D:1      | Reached XP level 1. HP: 14/14 MP: 3/3
   632 | D:1      | Reached XP level 2. HP: 20/20 MP: 0/5
  1560 | D:2      | Reached XP level 3. HP: 11/26 MP: 0/6
  1621 | D:2      | Learned a level 3 spell: Static Discharge
  1624 | D:2      | Learned a level 2 spell: Swiftness
  2006 | D:2      | Reached skill level 4 in Air Magic
  2141 | D:2      | Found a faded altar of an unknown god.
  2455 | D:3      | Reached XP level 4. HP: 33/33 MP: 3/7
  2761 | D:3      | Found a transporter.
  3077 | D:3      | Reached XP level 5. HP: 38/38 MP: 7/9
  3328 | D:3      | Found a sacrificial altar of Ru.
  3330 | D:3      | Noticed Terence
  3478 | D:1      | Learned a level 4 spell: Airstrike
  3484 | D:2      | Killed Terence
  3603 | D:3      | Noticed a kobold demonologist
  3617 | D:3      | Found a transporter.
  3649 | D:3      | Reached skill level 5 in Air Magic
  3862 | D:3      | You fall into a shaft and drop 2 floors!
  3862 | D:5      | Entered Level 5 of the Dungeon
  4027 | D:5      | Reached XP level 6. HP: 41/45 MP: 2/11
  4640 | D:4      | Reached skill level 6 in Air Magic
  4681 | D:4      | Your scales start taking on a dull iron-grey colour.
  4681 | D:4      | Reduced skill Air Magic to level 5
  4681 | D:4      | Reached XP level 7. HP: 42/50 MP: 0/12
  4681 | D:4      | Gained mutation: You can survive without breathing. [Grey
                  | Draconian growth]
  5438 | D:4      | Noticed Natasha
  5441 | D:4      | Killed Natasha
  5700 | D:4      | Noticed Natasha
  5705 | D:4      | Killed Natasha
  5822 | D:4      | Noticed Natasha
  5827 | D:4      | Killed Natasha
  6488 | D:5      | Noticed Eustachio
  6742 | D:5      | Reached skill level 6 in Air Magic
  6742 | D:5      | Reached XP level 8. HP: 57/57 MP: 5/14
  7875 | D:5      | Killed Eustachio
  7875 | D:5      | Reached skill level 5 in Spellcasting
  7875 | D:5      | Reached skill level 5 in Conjurations
  8246 | D:6      | Reached skill level 7 in Air Magic
  8377 | D:6      | Found Zocuobe's Book Shoppe.
  8395 | D:6      | Found a runed translucent door.
  8399 | D:6      | Noticed kae's ghost (novice DrAE)
  9115 | D:6      | Found an opulent altar of Gozag.
  9228 | D:7      | Reached XP level 9. HP: 56/62 MP: 6/17
  9308 | D:7      | Found a staircase to the Ecumenical Temple.
  9342 | Temple   | Entered the Ecumenical Temple
  9553 | Temple   | Became a worshipper of Vehumet
 10145 | D:7      | Noticed Joseph
 10152 | D:7      | Reached skill level 8 in Air Magic
 10195 | D:7      | Reached * piety under Vehumet
 10195 | D:7      | Offered knowledge of Sandblast by Vehumet.
 10237 | D:7      | HP: 1/62 [Joseph/sling bullet (11)]
 10265 | D:7      | HP: 3/93 [Joseph/sling bullet (6)]
 10274 | D:7      | HP: 3/93 [Joseph/+0 quarterstaff (3)]
 10275 | D:7      | Slain by Joseph

Levels and vault maps discovered:
D:1:      minmay_arrival_four_houses, layout_loops_ring
D:2:      layout_loops_cross, first_ration, chequers_ecumenical_altar_grove
D:3:      gammafunk_wand_slinger, layout_loops_ring, hangedman_ru_absence,
          minmay_misc_feat_iff, minmay_checkerbox, uniq_terence
D:4:      layout_basic, uniq_natasha
D:5:      layout_cave_pods, uniq_eustachio
D:6:      layout_loops_ring, ebering_ghost_sewer_d, serial_shops,
          kennysheep_mini_moat, grunt_gozag_breadcrumbs
D:7:      layout_rooms, minmay_temple_entry_butterflies, serial_rivers,
          chequers_serial_rivers_micro_a, chequers_serial_rivers_small_b,
          chequers_serial_rivers_micro_d, chequers_serial_rivers_micro_e,
          chequers_serial_rivers_micro_e, chequers_serial_rivers_small_3,
          kennysheep_potato, uniq_joseph
Temple:   dpeg_three_leaves_temple

Skill      XL: |  1  2  3  4  5  6  7  8  9 |
---------------+----------------------------+-----
Air Magic      | 4 5 5 6 7 8 |  8.2
Conjurations   | 2 3 4 5 6 |  6.5
Spellcasting   | 3 4 5 6 |  6.3
Dodging        | |  1.7
Stealth        | |  1.7

Action                   |  1- 3 |  4- 6 |  7- 9 || total
-------------------------+-------+-------+-------++-------
Melee: Unarmed           |    18 |       |       ||    18
       Dagger            |    50 |    43 |       ||    93
       Tailslap          |     9 |     9 |    17 ||    35
       Staff             |       |    64 |    89 ||   153
       Falchion          |       |       |    61 ||    61
 Cast: Shock             |    47 |   121 |   193 ||   361
       Static Discharge  |       |     6 |    25 ||    31
       Airstrike         |       |       |     8 ||     8
       Swiftness         |       |       |     1 ||     1
  Use: Potion            |       |     1 |    13 ||    14
       Scroll            |       |       |    14 ||    14
 Stab: Sleeping          |     4 |     1 |     1 ||     6
  Eat: Chunk             |     5 |     8 |    12 ||    25
       Ration            |       |       |     4 ||     4
Armor: Skin              |    24 |    49 |   186 ||   259
Dodge: Dodged            |    73 |   113 |   191 ||   377
       Rpst.: Falchion   |       |       |    22 ||    22

Table legend:
 A = Non-vault XP
 B = Vault XP
 C = Vault XP percentage of total XP
 D = Non-vault monster count
 E = Vault monster count
 F = Vault count percentage of total count
                 A         B        C        D         E       F
            +---------+---------+-------+---------+---------+-------
      Total |    3520 |     543 |  13.4 |     160 |       9 |   5.3
            +---------+---------+-------+---------+---------+-------
        D:1 |      19 |       0 |   0.0 |      12 |       0 |   0.0
        D:2 |      89 |      36 |  28.8 |      18 |       1 |   5.3
        D:3 |     178 |      30 |  14.4 |      32 |       4 |  11.1
        D:4 |     789 |      35 |   4.2 |      34 |       1 |   2.9
        D:5 |     789 |     196 |  19.9 |      23 |       1 |   4.2
        D:6 |     620 |       0 |   0.0 |      10 |       0 |   0.0
        D:7 |     905 |     246 |  21.4 |      29 |       2 |   6.5
     Temple |     131 |       0 |   0.0 |       2 |       0 |   0.0
            +---------+---------+-------+---------+---------+-------
